 Dungeon Crawl Stone Soup version 0.19-a0-1740-g0bcaf2e (webtiles) character file.

77 holy777 the Grasshopper (level 4, -4/34 HPs)
             Began as a Mummy Warper on Oct 2, 2016.
             Slain by Natasha (8 damage)
             ... on level 2 of the Dungeon.
             The game lasted 00:07:02 (2141 turns).

holy777 the Grasshopper (Mummy Warper)              Turns: 2141, Time: 00:07:02

Health: -4/34      AC:  4    Str: 14    XL:     4   Next: 14%
Magic:  7/7        EV: 11    Int: 13    God:
Gold:   96         SH:  3    Dex: 11    Spells: 3 memorised, 2 levels left

rFire  x . .     SeeInvis .     a - +0 mace
rCold  + . .     Gourm    .     d - +0 leather armour
rNeg   + + +     Faith    .     f - +0 buckler
rPois  ∞         Spirit   .     b - +0 helmet
rElec  .         Dismiss  .     (no cloak)
rCorr  .         Reflect  .     (no gloves)
MR     .....     Harm     .     (no boots)
Stlth  +.........               (no amulet)
                                (no ring)
                                (no ring)

@: no status effects
A: no food or potions, fire vulnerability, cold resistance 1, negative energy
resistance 3, torment resistance, unbreathing
a: no special abilities


You were on level 2 of the Dungeon.
You were not hungry.

You visited 1 branch of the dungeon, and saw 3 of its levels.

You collected 96 gold pieces.

Inventory:

Hand Weapons
 a - a +0 mace (weapon)
Missiles
 e - 2 tomahawks of dispersal (quivered)
Armour
 b - a +0 helmet (worn)
 d - a +0 leather armour (worn)
 f - a +0 buckler (worn)
 j - a +0 scale mail
Scrolls
 g - 2 scrolls of remove curse
Books
 c - a book of Spatial Translocations

   Spells                             Type                      Level
   a - Apportation                    Translocation                1
   b - Blink                          Translocation                2
   c - Shroud of Golubria             Charms/Translocation         2
   d - Portal Projectile              Translocation                3
   e - Teleport Other                 Translocation                3
   f - Passage of Golubria            Translocation                4


   Skills:
 + Level 2.6 Fighting
 + Level 1.9 Maces & Flails
 + Level 0.7 Throwing
 + Level 1.3 Armour
 - Level 1.5 Dodging
 + Level 0.8 Shields
 * Level 2.4 Spellcasting
 * Level 2.8 Translocations


You had 2 spell levels left.
You knew the following spells:

 Your Spells              Type           Power        Failure   Level  Hunger
a - Apportation           Tloc           #.........   14%         1    N/A
b - Blink                 Tloc           N/A          21%         2    N/A
c - Shroud of Golubria    Chrm/Tloc      #.........   38%         2    N/A

Dungeon Overview and Level Annotations

Branches:
Dungeon (3/15)

Altars:

Annotations:
D:2 Natasha


Innate Abilities, Weirdness & Mutations

You do not eat or drink.
Your flesh is vulnerable to fire.
You are immune to poison.
Your flesh is cold resistant. (rC+)
You are immune to negative energy. (rN+++)
You are immune to unholy pain and torment.
You can survive without breathing.


Message History

Natasha casts a spell at you. The magic dart hits you!
You closely miss Natasha.
Your shroud unravels.
Natasha claws you. Natasha claws you but does no damage.
You hit Natasha but do no damage. Natasha barely misses you.
Natasha extends her claws.
Natasha barely misses you.
You barely miss Natasha. Natasha claws you. Natasha closely misses you.
You barely miss Natasha. Natasha claws you! x2
* * * LOW HITPOINT WARNING * * *
Your magical contamination has completely faded away.
Natasha mumbles some strange words.
Natasha glows brightly for a moment.
Natasha claws you.
* * * LOW HITPOINT WARNING * * *
There is a stone staircase leading up here.
You feel yourself speed up. Natasha claws you!
You die...

#.###.##.## ##....<..##
##.## #.# #.##># ##.....##
#†.# #.# #.##.# ##...##
##.# #.###.##.# ##'## #.#
#........# #.# #.#
#####.#### #.# #.# #.#
##.## #.#
#.###########...## #.#
#.##.....h@#.....# #.#
#.##.#####.##...#########.#
#.......##.##.........†...#
###)##.##.##..############
#§##........# #h#####.###.#
#.# #.# #.# #5#####.# #.#
#.5.....# #.#


You could see Natasha.

Vanquished Creatures
  Jessica (D:2)
  2 dart slugs (D:1)
  2 leopard geckos (D:1)
  An orc (D:3)
  A ball python (D:1)
  6 bats
  A giant cockroach (D:1)
  4 hobgoblins (D:1)
  8 kobolds
  7 frilled lizards
  5 goblins
  8 rats
46 creatures vanquished.

Notes
Turn   | Place    | Note
-------+----------+-------------------------------------------
     0 | D:1      | holy777 the Mummy Warper began the quest for the Orb.
     0 | D:1      | Reached XP level 1. HP: 16/16 MP: 3/3
    68 | D:1      | Reached skill level 1 in Armour
   185 | D:1      | Reached XP level 2. HP: 10/22 MP: 5/5
   632 | D:1      | Learned a level 2 spell: Blink
   823 | D:1      | Reached XP level 3. HP: 22/27 MP: 6/6
  1325 | D:2      | Noticed Natasha
  1414 | D:2      | Noticed Jessica
  1428 | D:2      | Killed Jessica
  1496 | D:2      | Reached XP level 4. HP: 34/34 MP: 7/7
  1573 | D:2      | You fall through a shaft!
  2067 | D:1      | Learned a level 2 spell: Shroud of Golubria
  2141 | D:2      | Slain by Natasha

Vault maps used:
D:1:      minmay_arrival_stair_chambers, hex_medium
D:2:      uniq_natasha, uniq_jessica, uniq_robin
D:3:      kennysheep_generic_room_6, uniq_terence

Skill      XL: |  1 |
---------------+----+-----
Armour         | 1 |  1.3
Fighting       | |  2.6
Maces & Flails | |  1.9
Throwing       | |  0.7
Dodging        | |  1.5
Shields        | |  0.8
Spellcasting   | |  2.4
Translocations | |  2.8

Action                   |  1- 3 |  4- 6 || total
-------------------------+-------+-------++-------
Melee: Mace              |   152 |    41 ||   193
Throw: Tomahawk          |       |     3 ||     3
 Cast: Apportation       |     1 |       ||     1
       Blink             |       |     1 ||     1
       Shroud of Golubri |       |     1 ||     1
  Use: Scroll            |     2 |     2 ||     4
Armor: Leather armour    |    20 |     1 ||    21
       Ring mail         |     8 |       ||     8
       Scale mail        |    48 |    25 ||    73
Dodge: Dodged            |    86 |    26 ||   112
Block: Buckler           |    31 |     7 ||    38
